 Dungeon Crawl Stone Soup version 0.19-a0-1170-g18f0c96 (webtiles) character file.

1264 Gagarin the Spear-Bearer (level 8, -2/64 HPs)
             Began as a Merfolk Gladiator on Aug 17, 2016.
             Was an Initiate of Okawaru.
             Slain by a wyvern (8 damage)
             ... on level 5 of the Dungeon.
             The game lasted 00:15:07 (5847 turns).

Gagarin the Spear-Bearer (Merfolk Gladiator)        Turns: 5847, Time: 00:15:08

Health: -2/64      AC:  5    Str: 16    XL:     8   Next: 52%
Magic:  8/8        EV: 17    Int:  7    God:    Okawaru [......]
Gold:   155        SH:  5    Dex: 16    Spells: 0 memorised, 7 levels left

rFire  . . .     SeeInvis +     a - +0 trident
rCold  . . .     Gourm    .     b - +0 leather armour
rNeg   . . .     Faith    .     h - +0 buckler
rPois  .         Spirit   .     (helmet restricted)
rElec  .         Dismiss  .     v - +0 cloak
rCorr  .         Reflect  .     (no gloves)
MR     .....     Harm     .     l - +0 pair of boots
Stlth  +.........               (no amulet)
                                (no ring)
                                (no ring)

@: no status effects
A: change form in water, swift swim, beak, see invisible, sense surroundings 1
a: Renounce Religion


You were on level 5 of the Dungeon.
You worshipped Okawaru.
Okawaru was noncommittal.
You were hungry.

You visited 2 branches of the dungeon, and saw 6 of its levels.
You also visited: Sewer.

You collected 155 gold pieces.

Inventory:

Hand Weapons
 a - a +0 trident (weapon)
Missiles
 d - a throwing net (quivered)
Armour
 b - a +0 leather armour (worn)
 c - a +0 helmet
 h - a +0 buckler (worn)
 l - a +0 pair of boots (worn)
 v - a +0 cloak (worn)
Jewellery
 y - a cursed ring of teleportation {unknown}
Scrolls
 e - 2 scrolls of identify
 i - 2 scrolls of recharging {unknown}
 k - 2 scrolls of random uselessness {unknown}
 m - 3 scrolls of teleportation {unknown}
 n - a scroll of magic mapping {unknown}
 q - a scroll of noise {unknown}
 t - 3 scrolls of remove curse {unknown}
 A - a scroll of vulnerability {unknown}
 E - 3 scrolls of amnesia {unknown}
Potions
 g - a potion of beneficial mutation {unknown}
 p - 3 potions of brilliance
 r - 6 potions of curing
 u - a potion of berserk rage {unknown}
 w - 3 potions of flight
 x - a potion of ambrosia {unknown}
 z - a potion of mutation
 C - 2 potions of agility {unknown}
 D - 5 potions of heal wounds {unknown}
Comestibles
 f - 2 bread rations
 j - a beef jerky
 o - 4 fruits
 s - 2 meat rations
 B - 3 chunks of flesh


   Skills:
 + Level 5.9 Fighting
 + Level 8.6 Polearms
 - Level 2.1 Throwing
 + Level 7.5 Dodging
 + Level 4.6 Shields


You had 7 spell levels left.
You didn't know any spells.

Dungeon Overview and Level Annotations

Branches:
Dungeon (5/15)             Temple (1/1) D:5

Altars:
Ashenzari
Cheibriados
Fedhas
Gozag
Hepliaklqana
Kikubaaqudgha
Makhleb
Nemelex Xobeh
Okawaru
Pakellas
Qazlal
Ru
Sif Muna
Trog
Uskayaw
Vehumet
Xom
Yredelemnul
Zin
The Shining One

Shops:
D:5 }

Annotations:
D:2 Sigmund


Innate Abilities, Weirdness & Mutations

You revert to your normal form in water.
You are very nimble and swift while swimming.
You have a beak for a mouth.
You have supernaturally acute eyesight. (SInv)
You passively map a small area around you.


Message History

You block the wyvern's attack.
You closely miss the wyvern. You peck the wyvern, but do no damage.
The wyvern is almost dead.
The wyvern barely misses you. x2
Some of the chunks of flesh in your inventory have rotted away.
You hit the wyvern but do no damage. Your peck misses the wyvern.
The wyvern is almost dead.
The wyvern bites you!
* * * LOW HITPOINT WARNING * * *
You are too injured to fight recklessly!
You are too injured to fight recklessly!
You are too injured to fight recklessly!
You are too injured to fight recklessly!
You are too injured to fight recklessly!
You feel better. The wyvern bites you!
* * * LOW HITPOINT WARNING * * *
You hit the wyvern.
The wyvern is almost dead.
The wyvern misses you. The wyvern bites you!
You die...

##..## ##..## #...##
#..## ##..## ##..## *
..## ##...# ##..## ..#
##...## ##..## , .##
##...## ##...# ##
###....# ###.).## * #
##.....## ##.....# ,
###......# ###.....##
.........# #....@l.# ,
...................# ,,
,,
......................,
,
#######################


You could see a wyvern.

Vanquished Creatures
  A sky beast (D:3)
  An ice beast (D:5)
  A phantom (D:4)
  An ogre (D:5)
  2 big kobolds (Sewer)
  2 scorpions
  2 howler monkeys (D:5)
  3 hounds
  4 orc priests
  Crazy Yiuf (D:3)
  2 orc wizards (D:4)
  4 worker ants
  Ijyb (D:2)
  A hound skeleton (D:3)
  Robin (D:3)
  3 adders
  2 river rats (D:5)
  2 adder skeletons (D:5)
  4 worms
  2 giant geckos (D:4)
  10 orcs
  3 ball pythons
  8 giant cockroaches
  13 goblins
  9 hobgoblins
  4 jackals (D:4)
  17 kobolds
  2 quokkas (D:3)
  10 bats
  5 giant newts
  18 rats
139 creatures vanquished.

Notes
Turn   | Place    | Note
-------+----------+-------------------------------------------
     0 | D:1      | Gagarin the Merfolk Gladiator began the quest for the Orb.
     0 | D:1      | Reached XP level 1. HP: 16/16 MP: 1/1
   151 | D:1      | Reached XP level 2. HP: 15/22 MP: 2/2
   635 | D:1      | Reached XP level 3. HP: 15/28 MP: 3/3
   648 | D:1      | Reached skill level 5 in Polearms
   987 | D:2      | Reached skill level 1 in Shields
  1021 | D:2      | Noticed Sigmund
  1144 | D:2      | Found an opulent altar of Gozag.
  1461 | D:3      | Noticed Ijyb
  1491 | D:2      | Killed Ijyb
  1491 | D:2      | Reached XP level 4. HP: 21/34 MP: 4/4
  1613 | D:3      | HP: 1/34 [orc priest/divine providence (16)]
  1614 | D:3      | Gained mutation: You have a beak for a mouth. [potion of mutation]
  1614 | D:3      | Gained mutation: You have supernaturally acute eyesight. (SInv) [potion of mutation]
  1614 | D:3      | Gained mutation: You passively map a small area around you. [potion of mutation]
  1832 | D:3      | Reached skill level 5 in Dodging
  2260 | D:3      | Found a runed door.
  2319 | D:3      | Noticed Robin
  2339 | D:3      | Reached XP level 5. HP: 28/41 MP: 5/5
  2356 | D:3      | Killed Robin
  2597 | D:3      | Found a radiant altar of Vehumet.
  2759 | D:3      | Found a deep blue altar of Sif Muna.
  2922 | D:3      | Noticed a sky beast
  2937 | D:3      | Killed a sky beast
  2937 | D:3      | Reached skill level 6 in Polearms
  2937 | D:3      | Reached XP level 6. HP: 33/48 MP: 6/6
  3376 | D:3      | Found a burning altar of Makhleb.
  3481 | D:3      | Noticed Crazy Yiuf
  3493 | D:3      | Killed Crazy Yiuf
  3561 | D:4      | Found a bloodstained altar of Trog.
  3566 | D:4      | Noticed a phantom
  3599 | D:4      | Killed a phantom
  3726 | D:4      | Found a glowing golden altar of the Shining One.
  3849 | D:4      | Reached skill level 7 in Polearms
  3849 | D:4      | Reached XP level 7. HP: 52/55 MP: 7/7
  4352 | D:4      | Found a snail-covered altar of Cheibriados.
  4414 | D:4      | Found a glowing silver altar of Zin.
  4554 | D:5      | Entered Level 5 of the Dungeon
  4560 | D:5      | Found Jirhoc's Gadget Shop.
  4593 | D:5      | Reached skill level 5 in Fighting
  4687 | D:5      | Reached XP level 8. HP: 54/62 MP: 8/8
  4715 | D:5      | Found a staircase to the Ecumenical Temple.
  4723 | Temple   | Entered the Ecumenical Temple
  4839 | Temple   | Became a worshipper of Warmaster Okawaru
  4984 | D:5      | Reached skill level 8 in Polearms
  5030 | D:5      | Found a basalt altar of Yredelemnul.
  5091 | D:5      | Found a glowing drain.
  5109 | Sewer    | Entered a sewer
  5650 | D:5      | Reached * piety under Okawaru
  5825 | D:5      | Noticed a wyvern
  5847 | D:5      | Slain by a wyvern

Vault maps used:
D:1:      matt_arrival_diagonals
D:2:      nicolae_gozag_seed_capital, first_bread, grunt_ministairs_7,
          dk_yredelemnul_ordeal, uniq_sigmund
D:3:      lemuel_coloured_pillars_altar, makhleb_heckhound_becter,
          lemuel_round_altar, minmay_crystal_water, uniq_robin,
          uniq_crazy_yiuf_cottage, uniq_iyjb
D:4:      kennysheep_mini, nicolae_overflow_crystal_walls,
          nicolae_overflow_hidden_temple, lemuel_round_altar
D:5:      minmay_thick_lines, old_standard_altar, portal_sewer_entry_e,
          serial_shops, shop
Temple:   minmay_temple_curvy_loop
Sewer:    kennysheep_pipe_town

Skill      XL: |  1  2  3  4  5  6  7  8 |
---------------+-------------------------+-----
Polearms       | 5 6 7 8 |  8.6
Shields        | 1 2 3 4 |  4.6
Fighting       | 3 4 5 |  5.9
Dodging        | 5 6 7 |  7.5
Throwing       | |  2.1

Action                   |  1- 3 |  4- 6 |  7- 9 || total
-------------------------+-------+-------+-------++-------
Melee: Trident           |   148 |   178 |   301 ||   627
       Peck              |       |    34 |    59 ||    93
       Tailslap          |       |       |     7 ||     7
Throw: Throwing net      |       |     1 |     1 ||     2
  Use: Potion            |       |     2 |     1 ||     3
       Scroll            |       |       |     2 ||     2
 Stab: Sleeping          |     3 |     3 |       ||     6
       Held in net/web   |       |       |     1 ||     1
  Eat: Chunk             |     1 |     8 |     6 ||    15
       Fruit             |       |     1 |       ||     1
Armor: Leather armour    |    34 |    26 |    34 ||    94
Dodge: Dodged            |   101 |    75 |   161 ||   337
Block: Buckler           |       |     4 |    64 ||    68
